 Dungeon Crawl Stone Soup version 0.21-a0-111-g52d2817 (webtiles) character file.

224 Dfrag the Firebug (level 5, -2/35 HPs)
             Began as a Demonspawn Fire Elementalist on July 4, 2017.
             Killed by divine providence
             ... invoked by an orc priest
              (11 damage)
             ... on level 3 of the Dungeon on July 11, 2017.
             The game lasted 00:05:56 (2777 turns).

Dfrag the Firebug (Demonspawn Fire Elementalist)    Turns: 2777, Time: 00:05:56

Health: -2/35      AC:  5    Str:  9    XL:     5   Next: 67%
Magic:  0/10       EV: 12    Int: 19    God:
Gold:   115        SH:  0    Dex: 13    Spells: 3/11 levels left

rFire    . . .     SeeInvis .   o - +0 flail
rCold    . . .     Gourm    .   (no shield)
rNeg     . . .     Faith    .   a - +0 robe
rPois    .         Spirit   +   i - +1 hat
rElec    .         Reflect  .   (no cloak)
rCorr    .         Harm     .   (no gloves)
MR       .....     Rnd*Tele +   (no boots)
Stlth    ++........             (no amulet)
HPRegen  0.11/turn              g - ring of wizardry
MPRegen  0.12/turn              n - ring of teleportation (curse)

@: no status effects
A: hooves 1, thin metallic scales 1, clever 1, wild magic 1, magic shield
a: no special abilities


You were on level 3 of the Dungeon.
You were not hungry.

You visited 1 branch of the dungeon, and saw 3 of its levels.

You collected 115 gold pieces.

Inventory:

Hand Weapons
 o - a +0 flail (weapon)
Armour
 a - a +0 robe (worn)
 i - a +1 hat (worn)
Jewellery
 g - a ring of wizardry (left hand)
 n - a cursed ring of teleportation (right hand)
Scrolls
 e - 2 scrolls of teleportation {unknown}
 f - 2 scrolls of identify {unknown}
 h - a scroll of recharging {unknown}
 k - a scroll of blinking {unknown}
 q - a scroll of random uselessness {unknown}
 r - a scroll of enchant weapon {unknown}
 s - a scroll of amnesia {unknown}
Potions
 l - 2 potions of heal wounds {unknown}
 p - a potion of curing {unknown}
Books
 b - a book of Flames

   Spells                             Type                      Level
   a - Flame Tongue                   Conjuration/Fire             1
   b - Throw Flame                    Conjuration/Fire             2
   c - Conjure Flame                  Conjuration/Fire             3
   d - Inner Flame                    Hexes/Fire                   3
   e - Sticky Flame                   Conjuration/Fire             4
   f - Fireball                       Conjuration/Fire             5
Comestibles
 c - 2 bread rations
 d - 2 fruits
 j - a meat ration


   Skills:
 - Level 1.7 Dodging
 - Level 1.7 Stealth
 + Level 3.6 Spellcasting
 + Level 3.5 Conjurations
 + Level 3.8 Fire Magic


You had 3 spell levels left.
You knew the following spells:

 Your Spells              Type           Power        Failure   Level  Hunger
a - Flame Tongue          Conj/Fire      ###..        2%          1    None
b - Conjure Flame         Conj/Fire      ###.....     6%          3    ###....
c - Sticky Flame          Conj/Fire      ###.....     17%         4    ####...


Dungeon Overview and Level Annotations

Branches:
Dungeon (3/15)

Altars:
Ru
Xom


Innate Abilities, Weirdness & Mutations

You are partially covered in thin metallic scales. (AC +2)
When hurt, damage is shared between your health and your magic reserves.
You have large cloven feet.
Your mind is acute. (Int +2)
Your spells are a little harder to cast, but a little more powerful.


Message History

The orc shouts!
The goblin shoots a stone.
The stone closely misses you.
The orc priest invokes the aid of Beogh against you.
Beogh smites you!
* * * LOW HITPOINT WARNING * * *
The goblin shoots a stone.
The stone misses you.
The goblin shoots a stone.
The stone hits you but does no damage.
You see here 2 stones.
The goblin shoots a stone.
The stone hits you.
You see here 5 stones.
Casting: Flame Tongue
Confirm with . or Enter, or press ? or * to list all spells.
Aiming: Flame Tongue
Press: ? - help, Shift-Dir - straight line, f/p - orc wizard
Aim: an orc wizard, wielding a dagger and wearing a robe (severely wounded)
The flame tongue misses the orc wizard.
Unknown command.
The orc priest invokes the aid of Beogh against you.
Beogh smites you!
You die...

### #.. #.# #.#
#.# # #.#
#####..### #.#
#.@.........# #.#
#.###..###...
####.######## #o#
.##.)..
.>..........# #.#
.?.o...
####.######.# #.#
..... . #รท# #.#
#o# ...#... #.#
#.###g####.......
##.##
#.....((o(..g....
###...#
###########.#.###


You could see an orc priest, an orc wizard and a goblin.

Vanquished Creatures
  The ghost of sscrono2 the Cutter, an amateur OpAK of Lugonu (D:3)
  3 adders
  An ooze (D:1)
  3 worms (D:2)
  3 dart slugs
  7 bats
  8 giant cockroaches
  6 goblins
  4 hobgoblins
  4 jackals (D:3)
  8 kobolds
  A ball python (D:3)
  A frilled lizard (D:1)
  8 rats
58 creatures vanquished.

Notes
Turn   | Place    | Note
-------+----------+-------------------------------------------
     0 | D:1      | Dfrag the Demonspawn Fire Elementalist began the quest for the Orb.
     0 | D:1      | Reached XP level 1. HP: 13/13 MP: 3/3
   464 | D:1      | Gained mutation: When hurt, damage is shared between your health and your magic reserves. [demonic ancestry]
   464 | D:1      | Reached XP level 2. HP: 15/19 MP: 0/5
  1176 | D:2      | Reached XP level 3. HP: 24/24 MP: 3/6
  1326 | D:2      | Found a sacrificial altar of Ru.
  1353 | D:2      | Gained mutation: Your mind is acute. (Int +2) [potion of mutation]
  1353 | D:2      | Gained mutation: You have large cloven feet. [potion of mutation]
  1353 | D:2      | Gained mutation: Your spells are a little harder to cast, but a little more powerful. [potion of mutation]
  1367 | D:2      | HP: 1/24 [poisoned by an adder]
  1373 | D:2      | HP: 1/24 [poisoned by an adder]
  1893 | D:2      | Gained mutation: You are partially covered in thin metallic scales. (AC +2) [demonic ancestry]
  1893 | D:2      | Reached XP level 4. HP: 26/30 MP: 3/8
  1946 | D:2      | Learned a level 4 spell: Sticky Flame
  1950 | D:2      | Learned a level 3 spell: Conjure Flame
  2453 | D:3      | Noticed sscrono2's ghost (amateur OpAK)
  2471 | D:3      | Killed sscrono2's ghost
  2471 | D:3      | Reached XP level 5. HP: 22/35 MP: 0/10
  2558 | D:3      | Upgraded the game from 0.21-a0-84-g85d6d27 to 0.21-a0-111-g52d2817
  2640 | D:3      | Found a shadowy altar of Dithmenos.
  2642 | D:3      | Found a sparkling altar of Nemelex Xobeh.
  2642 | D:3      | Found a hide-covered altar of Uskayaw.
  2644 | D:3      | Found a radiant altar of Vehumet.
  2644 | D:3      | Found a shimmering altar of Xom.
  2644 | D:3      | Found a shattered altar of Ashenzari.
  2777 | D:3      | Killed from afar by an orc priest

Vault maps used:
D:1:      onia_arrival_larder, serial_glass, glass_columns_c, glass_columns_b,
          grunt_decor_arrowhead, st_stairs_2
D:2:      overflow_temple_1_default, kennysheep_boxes
D:3:      nicolae_dithmenos_through_a_glass_darkly,
          nicolae_overflow_crystal_walls, doesnt_xom_only_xom

Skill      XL: |  1  2  3  4 |
---------------+-------------+-----
Fire Magic     | 3 |  3.8
Conjurations   | 2 3 |  3.5
Spellcasting   | 3 |  3.6
Dodging        | |  1.7
Stealth        | |  1.7

Action                   |  1- 3 |  4- 6 || total
-------------------------+-------+-------++-------
Melee: Unarmed           |    68 |       ||    68
       Flail             |    28 |    13 ||    41
 Cast: Flame Tongue      |    75 |    31 ||   106
  Use: Potion            |     3 |       ||     3
  Eat: Chunk             |     3 |     3 ||     6
Armor: Robe              |    27 |    15 ||    42
Dodge: Dodged            |    93 |    24 ||   117
